 Dungeon Crawl Stone Soup version 0.23.1 (webtiles) character file.

Game seed: 7455384963827301557

75 Yunesin the Chopper (level 4, -6/33 HPs)
             Began as an Octopode Berserker on Mar 14, 2019.
             Was a Believer of Trog.
             Mangled by an orc wizard
             ... wielding a +0 dagger of electrocution
              (18 damage)
             ... on level 2 of the Dungeon.
             The game lasted 00:04:36 (1243 turns).

Yunesin the Chopper (Octopode Berserker)            Turns: 1243, Time: 00:04:37

Health: -6/33      AC:  1    Str: 16    XL:     4   Next: 31%
Magic:  4/4        EV: 14    Int:  9    God:    Trog [**....]
Gold:   0          SH:  0    Dex: 12    Spells: 3/3 levels left

rFire    . . .     SeeInvis .   a - +0 hand axe
rCold    . . .     Gourm    .   (no shield)
rNeg     . . .     Faith    .   (helmet restricted)
rPois    .         Spirit   .   (no amulet)
rElec    .         Reflect  .   g - ring of teleportation (curse)
rCorr    .         Harm     .   (no ring)
MR       .....     Rnd*Tele +   (no ring)
Stlth    ++........             (no ring)
HPRegen  0.11/turn              (no ring)
MPRegen  0.09/turn              (no ring)
                                (no ring)
                                (no ring)

@: berserk cooldown, slowed, very slow
A: almost no armour, stealthy swim, amphibious, 8 rings, constrict 8, camouflage
1, gelatinous body 1
a: Berserk, Trog's Hand, Renounce Religion


You were on level 2 of the Dungeon.
You worshipped Trog.
Trog was pleased with you.
You were hungry.

You visited 1 branch of the dungeon, and saw 2 of its levels.

Inventory:

Hand Weapons
 a - a +0 hand axe (weapon)
Jewellery
 g - a cursed ring of teleportation (left tentacle)
Potions
 f - a potion of might {unknown}
Comestibles
 b - 2 rations


   Skills:
 + Level 3.8 Fighting
 * Level 4.0 Axes
 + Level 3.3 Dodging
 - Level 0.6 Stealth


You had 3 spell levels left.
You didn't know any spells.
Your spell library was empty.

Dungeon Overview and Level Annotations

Branches:
Dungeon (2/15)

Altars:


Innate Abilities, Weirdness & Mutations

You cannot wear most types of armour.
You are very stealthy in the water. (Stealth+)
You are amphibious.
You can wear up to eight rings at the same time.
You can use your tentacles to constrict eight enemies at once.
Your skin changes colour to match your surroundings (Stealth+).
Your rubbery body absorbs attacks. (AC +1, EV +1)


Message History

You squeeze the leopard gecko.
You kill the leopard gecko!
Trog accepts your kill.
The orc wizard casts a spell.
The orc wizard blinks!
The orc wizard casts a spell at you.
You feel yourself slow down.
Things that are here:
a +0 club; a leopard gecko corpse You feel a strong urge to attack something.
You see here a +0 club.
The orc wizard mumbles some strange words.
The orc wizard blinks!
You feel your anger nearly subside.
You are no longer berserk.
You are exhausted.
You feel as though you will be slow longer.
The orc wizard hits you with a +0 dagger of electrocution.
You are electrocuted!!
Ouch! That really hurt!
You die...

..#)# #.#)# #.#.#
#.#.# #.#.#
#######.#.#
........[.#
#######)######
........)o@..#
.#.####)####.#
#.....)# .#
......... ..
.......... ...
........... ....
###.#.####.#.....
.... .#.#####
..... #


You could see an orc wizard.

Vanquished Creatures
  An adder (D:2)
  3 gnolls (D:2)
  A dart slug (D:1)
  2 leopard geckos
  2 orcs (D:2)
  A bat (D:1)
  2 giant cockroaches (D:1)
  4 hobgoblins (D:1)
  6 kobolds
  5 frilled lizards (D:1)
  3 goblins
  3 rats (D:1)
33 creatures vanquished.

Notes
Turn   | Place    | Note
-------+----------+-------------------------------------------
     0 | D:1      | Yunesin the Octopode Berserker began the quest for the Orb.
     0 | D:1      | Reached XP level 1. HP: 16/16 MP: 1/1
   246 | D:1      | Reached XP level 2. HP: 13/21 MP: 2/2
   483 | D:1      | Reached ** piety under Trog
   705 | D:1      | Reached XP level 3. HP: 26/26 MP: 3/3
   985 | D:2      | Reached XP level 4. HP: 15/33 MP: 4/4
   998 | D:2      | Reached skill level 4 in Axes
  1243 | D:2      | Mangled by an orc wizard

Skill      XL: |  1  2  3  4 |
---------------+-------------+-----
Axes           | 4 |  4.0
Fighting       | |  3.8
Dodging        | |  3.3
Stealth        | |  0.6

Action                   |  1- 3 |  4- 6 || total
-------------------------+-------+-------++-------
Melee: Hand axe          |    51 |     9 ||    60
       Constrict         |    18 |     4 ||    22
       Tentacles         |     9 |     3 ||    12
Invok: Berserk           |     2 |     1 ||     3
  Use: Scroll            |     2 |       ||     2
 Stab: Sleeping          |     4 |       ||     4
  Eat: Chunk             |     1 |     2 ||     3
Armor: Skin              |     3 |       ||     3
Dodge: Dodged            |    33 |     3 ||    36
